 Dungeon Crawl Stone Soup version 0.25.0 (webtiles) character file.

Game seed: 15514536855627062196

2840 mortelune the Zephyrmancer (level 9, -11/52 HPs)
             Began as a Tengu Air Elementalist on June 12, 2020.
             Was an Initiate of Vehumet.
             Killed from afar by a gargoyle (20 damage)
             ... with a stone arrow
             ... on level 7 of the Dungeon.
             The game lasted 00:18:41 (9656 turns).

mortelune the Zephyrmancer (Tengu Air Elementalist) Turns: 9656, Time: 00:18:41

Health: -11/52     AC:  9    Str:  9    XL:     9   Next: 74%
Magic:  19/19      EV: 18    Int: 25    God:    Vehumet [......]
Gold:   232        SH:  0    Dex: 14    Spells: 5/20 levels left

rFire    . . .     SeeInvis .   M - +0 lajatang (venom)
rCold    . . .     Gourm    .   (shield currently unavailable)
rNeg     . . .     Faith    .   K - +0 steam dragon scales
rPois    .         Spirit   .   (helmet restricted)
rElec    .         Reflect  .   (no cloak)
rCorr    .         Harm     .   (no gloves)
MR       .....                  (boots unavailable)
Stlth    ++........             (no amulet)
HPRegen  0.17/turn              q - +4 ring of protection
MPRegen  0.16/turn              e - +6 ring of intelligence

@: flying quickly and evasively, quick
A: beak, talons 3, able to fly
a: Stop Flying, Renounce Religion


You were on level 7 of the Dungeon.
You worshipped Vehumet.
Vehumet was noncommittal.
You were near starving.

You visited 2 branches of the dungeon, and saw 8 of its levels.

You collected 232 gold pieces.

Inventory:

Hand Weapons
 d - a +0 trident
 o - a +2 dagger of holy wrath
 v - a cursed +0 short sword
 C - a +1 scimitar of holy wrath
 E - a cursed +4 trident
 M - a +0 lajatang of venom (weapon)
Armour
 a - a +1 robe
 w - a +3 ring mail
 K - +0 steam dragon scales (worn)
Jewellery
 e - a +6 ring of intelligence (right hand)
 q - a +4 ring of protection (left hand)
 s - an uncursed ring of magical power
 y - a +6 ring of strength {unknown}
 H - an uncursed amulet of reflection {unknown}
 L - an uncursed ring of resist corrosion {unknown}
 P - an uncursed ring of poison resistance
Wands
 D - a wand of polymorph (2)
Scrolls
 f - 2 scrolls of fog
 g - 2 scrolls of remove curse
 i - 5 scrolls of identify
 l - a scroll of enchant armour
 t - a scroll of teleportation
 z - a scroll of summoning {unknown}
 A - a scroll of brand weapon {unknown}
 B - a scroll of random uselessness {unknown}
 F - a scroll of fear {unknown}
 G - a scroll of amnesia
 I - a scroll of enchant weapon {unknown}
Potions
 b - 3 potions of haste {unknown}
 h - 3 potions of stabbing
 j - a potion of degeneration {unknown}
 m - 2 potions of brilliance {unknown}
 n - a potion of berserk rage {unknown}
 p - 2 potions of heal wounds {unknown}
 r - 3 potions of flight {unknown}
 u - a potion of invisibility {unknown}
 x - 3 potions of curing {unknown}
 J - a potion of ambrosia {unknown}
Comestibles
 c - 12 rations


   Skills:
 + Level 4.6 Fighting
 * Level 2.4 Armour
 - Level 5.3 Dodging
 - Level 2.0 Stealth
 + Level 6.1 Spellcasting
 + Level 7.2 Conjurations
 * Level 10.1 Air Magic


You had 5 spell levels left.
You knew the following spells:

 Your Spells              Type           Power        Failure   Level  Hunger
a - Shock                 Conj/Air       ####         1%          1    None
b - Static Discharge      Conj/Air       ######..     1%          3    None
c - Airstrike             Air            ######....   1%          4    ###....
d - Lightning Bolt        Conj/Air       ######....   6%          5    #####..
e - Swiftness             Chrm/Air       ####....     1%          2    None

Your spell library contained the following spells:

 Spells                   Type           Power        Failure   Level  Hunger
 Animate Skeleton         Necr           N/A          8%          1    None
 Pain                     Necr           #...         8%          1    None
 Vampiric Draining        Necr           #.........   22%         3    None
 Animate Dead             Necr           N/A          58%         4    ###....
 Agony                    Necr           #.......     90%         5    #####..


Dungeon Overview and Level Annotations

Branches:
Dungeon (7/15)             Temple (1/1) D:7

Altars:
Ashenzari
Cheibriados
Elyvilon
Fedhas
Gozag
Hepliaklqana
Kikubaaqudgha
Makhleb
Nemelex Xobeh
Okawaru
Qazlal
Ru
Uskayaw
Vehumet
Xom
Yredelemnul
Zin
The Shining One

Shops:
D:5 %

Annotations:
D:4 Grinder
D:5 2 runed translucent doors


Innate Abilities, Weirdness & Mutations

You have a beak for a mouth.
You have claws for feet.
You can fly continuously.


Message History

Confirm with . or Enter, or press ? or * to list all spells.
Aiming: Shock (safe; 1% risk of failure)
Press: ? - help, Shift-Dir - straight line The zap hits the gargoyle.
The gargoyle completely resists.
The gargoyle is almost destroyed.
The gargoyle hits you with a +0 mace!
Casting: Shock (safe; 1% risk of failure)
Confirm with . or Enter, or press ? or * to list all spells.
Aiming: Shock (safe; 1% risk of failure)
Press: ? - help, Shift-Dir - straight line The zap hits the gargoyle but does no damage.
The gargoyle is almost destroyed.
The gargoyle hits you with a +0 mace.
The gargoyle hurls a stone arrow at you.
The stone arrow hits you!!
* * * LOW HITPOINT WARNING * * *
Magic courses through your body.
The gargoyle hurls a stone arrow at you.
The stone arrow hits you!!
You die...

#...### #.#
#...#######.....# #####
#.# ##.### ###)###.#.#
#.# #..#?##+.'##8#...#
#.# #.###'.....'###..#
#.# #.#8#.......#8#.>#
#.###...9.......'##.##
#.##........8....##.#
#.##............'##.##
###.##.@#8#.......#8#.#.
#.......###'.....'###.#.
#........#8##'.)##8#..#.
#......#.###8###.###.##.
#......#...#######...##.
#......###.........####.
#.........####.....# #)
#..............###.# #.
#......<#.########.# #.


You could see a gargoyle.

Vanquished Creatures
  2 gargoyles (D:7)
  A hippogriff (D:7)
  A spriggan (D:7)
  A steam dragon (D:7)
  2 orc warriors
  2 phantoms (D:5)
  5 ogres
  A centaur (D:5)
  A bullfrog (D:5)
  A wyvern zombie (D:7)
  4 wights (D:6)
  A howler monkey (D:6)
  3 centaur zombies
  A crimson imp (D:7)
  A hound (D:6)
  2 jellies
  An orc priest (D:6)
  5 iguanas
  2 worker ants
  9 adders
  A howler monkey skeleton (D:5)
  An ooze (D:3)
  An adder skeleton (D:5)
  3 worms
  5 dart slugs (D:2)
  4 leopard geckos
  18 orcs
  6 bats
  5 giant cockroaches
  6 goblins
  5 hobgoblins
  7 jackals
  2 quokkas
  4 frilled lizards (D:1)
  5 kobolds
  A leopard gecko skeleton (D:7)
  A quokka zombie (D:6)
  10 rats
131 creatures vanquished.

Notes
Turn   | Place    | Note
-------+----------+-------------------------------------------
     0 | D:1      | mortelune the Tengu Air Elementalist began the quest for
                  | the Orb.
     0 | D:1      | Reached XP level 1. HP: 10/10 MP: 4/4
   198 | D:1      | Reached XP level 2. HP: 15/15 MP: 4/6
   669 | D:1      | Reached XP level 3. HP: 20/20 MP: 5/7
   674 | D:1      | Learned a level 3 spell: Static Discharge
  1482 | D:2      | Found a hide-covered altar of Uskayaw.
  1583 | D:2      | Reached XP level 4. HP: 17/24 MP: 5/8
  1676 | D:2      | Reached skill level 5 in Air Magic
  1891 | D:2      | Reached skill level 1 in Fighting
  2421 | D:3      | Gained mutation: You can fly continuously. [Tengu growth]
  2421 | D:3      | Reached XP level 5. HP: 29/29 MP: 4/9
  2427 | D:3      | Learned a level 4 spell: Airstrike
  2529 | D:3      | Found a hazy altar of Hepliaklqana.
  2611 | D:3      | Found a glowing silver altar of Zin.
  3629 | D:4      | Noticed Grinder
  3734 | D:5      | Entered Level 5 of the Dungeon
  3734 | D:5      | Found Suxor's Food Shop.
  3750 | D:5      | Noticed an ogre
  3752 | D:5      | Killed an ogre
  3818 | D:5      | Reached XP level 6. HP: 34/34 MP: 2/11
  3962 | D:5      | Reached skill level 6 in Air Magic
  4452 | D:5      | Reached XP level 7. HP: 40/40 MP: 5/12
  4514 | D:5      | Found a runed translucent door.
  4518 | D:5      | Found a runed translucent door.
  5080 | D:5      | Reached skill level 5 in Conjurations
  5279 | D:5      | Reached skill level 7 in Air Magic
  5486 | D:6      | Found a shimmering altar of Xom.
  6032 | D:6      | Reached XP level 8. HP: 45/45 MP: 10/15
  6457 | D:6      | Learned a level 5 spell: Lightning Bolt
  6629 | D:5      | Reached skill level 8 in Air Magic
  7506 | D:7      | Learned a level 2 spell: Swiftness
  7507 | D:7      | Noticed a hippogriff
  7678 | D:7      | Killed a hippogriff
  7678 | D:7      | Reached skill level 5 in Spellcasting
  7748 | D:7      | Reached XP level 9. HP: 52/52 MP: 8/17
  7911 | D:7      | Reached skill level 5 in Dodging
  7911 | D:7      | Reached skill level 9 in Air Magic
  8662 | D:7      | Found a staircase to the Ecumenical Temple.
  8674 | Temple   | Entered the Ecumenical Temple
  8973 | Temple   | Became a worshipper of Vehumet
  9193 | D:7      | Found a glowing golden altar of the Shining One.
  9336 | D:7      | Noticed a gargoyle
  9338 | D:7      | Killed a gargoyle
  9338 | D:7      | Reached skill level 1 in Armour
  9406 | D:7      | Noticed a gargoyle
  9410 | D:7      | Killed a gargoyle
  9410 | D:7      | Reached skill level 10 in Air Magic
  9643 | D:7      | Noticed a gargoyle
  9656 | D:7      | Killed from afar by a gargoyle

Illustrated notes

Levels and vault maps discovered:
D:1:      lemuel_arrival_muddy, layout_basic, st_stairs_1, minmay_misc_feat_five
D:2:      layout_loops_cross, overflow_temple_1_default
D:3:      layout_basic, old_standard_altar, old_standard_altar,
          skrybe_limestone_x
D:4:      layout_loops_ring, gammafunk_temple_overflow_arena, uniq_grinder
D:5:      lemuel_insect_pit, layout_basic, first_ration, serial_shops, shop
D:6:      layout_rooms, xom_teletrap_fun, nicolae_zen_rock_garden
D:7:      cheibrodos_statue_roulette, layout_basic,
          nicolae_tso_swordbearing_angel, minmay_temple_entry_wispy, the_bakery,
          lemuel_flamethrower_2
Temple:   nicolae_temple_figure_eight

Skill      XL: |  1  2  3  4  5  6  7  8  9 |
---------------+----------------------------+-----
Conjurations   | 2 3 4 5 6 7 |  7.2
Air Magic      | 5 6 7 8 10 | 10.1
Fighting       | 1 2 3 4 |  4.6
Dodging        | 3 4 5 |  5.3
Spellcasting   | 3 4 5 6 |  6.1
Armour         | 2 |  2.4
Stealth        | |  2.0

Action                   |  1- 3 |  4- 6 |  7- 9 || total
-------------------------+-------+-------+-------++-------
Melee: Kick              |       |       |     2 ||     2
       Trident           |       |       |     1 ||     1
       Peck              |       |       |     1 ||     1
 Cast: Shock             |    62 |    74 |    48 ||   184
       Airstrike         |       |     7 |    84 ||    91
       Static Discharge  |       |     1 |       ||     1
       Swiftness         |       |       |     1 ||     1
 Abil: Fly               |       |     1 |       ||     1
  Use: Scroll            |       |     6 |       ||     6
       Potion            |       |       |     3 ||     3
  Eat: Chunk             |     2 |    10 |    15 ||    27
       Ration            |       |       |     3 ||     3
Armor: Robe              |       |       |     3 ||     3
Dodge: Dodged            |     3 |     5 |    16 ||    24
       Rpst.: Scimitar   |       |       |     2 ||     2
